Map: Frozen Temple

Players

Florencio - Winner!

  • Race: Protoss Protoss
  • League: Diamond

마린보이

  • Race: Terran Terran
  • League: Diamond

VOD

Have the link to the VOD?

Description

Time

  • Played on: Oct. 13, 2016, 12:01 a.m.
  • Length: 7:35
Show
View Real Time Build Order
Export as new Build Order

Florencio Protoss - Winner!

Build Orders:  

Get SALT Encoding   

  12  0:01  Probe (Chrono Boost)  
  13  0:12  Probe (Chrono Boost)  
  14  0:19  Pylon  
  14  0:23  Probe (Chrono Boost)  
  15  0:37  Probe (Chrono Boost)  
  16  0:45  Gateway  
  16  0:51  Assimilator  
  16  0:55  Assimilator  
  17  0:57  Probe (Chrono Boost)  
  17  1:03  Pylon  
  17  1:07  Probe (Chrono Boost)  
  18  1:18  Probe (Chrono Boost)  
  19  1:26  Gateway  
  19  1:32  Gateway  
  20  1:44  Cybernetics Core  
  19  1:49  Probe (Chrono Boost)  
  20  1:58  Gateway  
  20  2:08  Gateway  
  20  2:15  Pylon  
  20  2:24  Mothership Core (Chrono Boost)  
  22  2:30  Stalker  
  24  2:38  Stalker  
  25  2:48  Probe (Chrono Boost)  
  26  2:59  Probe (Chrono Boost)  
  26  3:01  Stalker  
  29  3:09  Probe (Chrono Boost)  
  30  3:17  Stalker  
  32  3:20  Stalker  
  34  3:30  Stalker  
  34  3:33  Probe (Chrono Boost)  
  37  3:46  Stalker  
  35  4:22  Stalker  
  35  4:23  Stalker x2  
  39  4:30  Stalker  
  37  4:39  Pylon  
  37  4:40  Pylon  
  39  5:15  Adept  
  39  5:16  Adept x3  
  43  5:43  Adept x4  
  51  6:10  Adept x3  
  55  6:11  Adept  
  47  6:37  Adept x2  
  47  6:38  Adept x2  
  53  6:42  Mothership Core (Chrono Boost)  
Show
View Real Time Build Order
Export as new Build Order

마린보이 Terran 

Build Orders:  

Get SALT Encoding   

  12  0:00  SCV  
  13  0:12  SCV  
  14  0:17  Supply Depot  
  14  0:24  SCV  
  15  0:39  SCV  
  15  0:40  Barracks  
  16  0:45  Refinery  
  16  0:51  SCV  
  17  1:03  SCV  
  18  1:15  SCV  
  19  1:29  Orbital Command  
  19  1:30  Reaper  
  20  1:50  Bunker  
  20  1:55  SCV  
  21  2:02  Engineering Bay, Marine  
  21  2:08  SCV  
  23  2:17  Supply Depot  
  23  2:25  Supply Depot  
  23  2:30  Command Center  
  23  2:38  Missile Turret  
  23  2:39  SCV, Marine  
  25  2:53  Refinery  
  25  2:57  Marine  
  26  2:58  Barracks  
  26  3:08  SCV  
  27  3:24  Barracks Tech Lab  
  27  3:27  SCV  
  28  3:39  SCV  
  28  3:43  Orbital Command  
  28  3:45  Marauder, Stimpack  
  28  3:46  Marine  
  31  3:51  SCV  
  32  4:04  Marine  
  32  4:06  Marauder  
  30  4:21  Marine  
  31  4:28  Marauder  
  30  4:31  Bunker  
  30  4:39  Marine  
  30  4:49  Marauder  
  30  4:57  Marine  
  29  5:10  Marauder  
  31  5:15  Marine  
  32  5:28  Factory  
  32  5:32  Marauder  
  32  5:33  Marine  
  35  5:38  SCV  
  35  5:39  SCV  
  34  5:50  SCV, Marine  
  34  5:51  SCV  
  35  6:08  Marine  
  24  6:26  Marine  
  15  6:43  Barracks  
  15  6:44  Marine  
  16  6:50  Widow Mine  
  17  6:58  Supply Depot  
  17  7:02  Marine  
Tags
 
Add a new tag
Caveats
  • Supply blocks, unpowered buildings, or Contaminate may cause inaccurate times.
  • Supply counts are checked every 10 seconds.